AoeStats
← 'Rhythm_' = idiot

Arena

510593884Analyzed
4v4 RM · 12h ago on Oct 1, 2026· 56m 32s· 8 players
Game mode
Random Map
Map size
Large (8 player)
Population
200
Speed
Normal
Resources
Standard
Victory
Conquest
Starting age
Dark Age
Ending age
Imperial Age
RankedLock teamsTeams togetherTeam positionsShared explorationLock speedFull tech treeHidden civsTurbo modeCheats
Victory
Defeat
🇹🇷 Mongols · Türkiye
1521
+11
🇹🇷 Italians · Türkiye
1498
+12
🇭🇰 Spanish · Hong Kong SAR China
1462
+13
🇹🇷 Khmer · Türkiye
1440
+14
🇨🇴 Dravidians · Colombia
1433
-14
🇩🇪 Cumans · Germany
1425
-13
🇨🇳 Danes · China
1384
-12
🇺🇸 Goths · United States
1374
-11
Rhythm_
11:09 Feudal Age
11:48 Horse Collar
14:49 Castle Age
12:58 Double-Bit Axe
16:16 Bow Saw
21:31 Wheelbarrow
21:48 Heavy Plow
22:37 Hand Cart
23:29 Gold Mining
24:41 Stone Mining
25:07 Loom
25:17 Town Watch
29:49 Imperial Age
28:29 Scale Mail Armor
28:40 Forging
28:31 Man-at-Arms
29:11 Squires
29:28 Chain Mail Armor
29:05 Treadmill Crane
29:36 Masonry
28:57 Pikeman
30:00 Chain Mail Armor
29:52 Anarchy
29:30 Long Swordsman
30:16 Anarchy
31:20 Iron Casting
30:06 Two-Handed Swordsman
30:52 Perfusion
31:14 Conscription
30:44 Champion
33:04 Blast Furnace
31:48 Capped Ram
32:10 Elite Huskarl
34:34 Halberdier
44:35 Caravan
Tacris09
11:01 Feudal Age
12:25 Loom
14:46 Castle Age
12:44 Double-Bit Axe
13:38 Horse Collar
13:56 Gold Mining
13:57 Stone Mining
16:37 Loom
29:17 Ballistics
31:31 Imperial Age
29:59 Elite Skirmisher
32:18 Wheelbarrow
33:09 Thumb Ring
35:22 Fletching
35:34 Padded Archer Armor
35:01 Pikeman
35:41 Squires
35:27 Arson
35:41 Elite Elephant Archer
36:49 Bodkin Arrow
37:09 Leather Archer Armor
39:19 Husbandry
39:55 Bracer
40:26 Gambesons
40:03 Halberdier
43:01 Wootz Steel
42:02 Light Cavalry
45:20 Medical Corps
46:36 Caravan
49:46 Ring Archer Armor
49:26 Forging
49:16 Scale Mail Armor
49:22 Scale Barding Armor
53:29 Chemistry
Theverat
7:04 Loom
9:19 Feudal Age
11:44 Double-Bit Axe
14:55 Horse Collar
16:58 Scale Mail Armor
23:36 Castle Age
23:46 Wheelbarrow
24:18 Forging
23:48 Pikeman
23:55 Capped Ram
28:44 Bow Saw
29:03 Squires
31:56 Fletching
34:14 Padded Archer Armor
36:06 Chain Mail Armor
37:00 Masonry
38:12 Bodkin Arrow
39:33 Iron Casting
41:25 Town Watch
46:58 Sanctity
'Rhythm_' = idiot
10:03 Feudal Age
13:39 Castle Age
11:47 Double-Bit Axe
12:31 Horse Collar
15:51 Wheelbarrow
19:33 Loom
20:05 Bow Saw
23:13 Hand Cart
23:33 Heavy Plow
23:29 Stone Mining
23:29 Gold Mining
24:44 Town Watch
28:22 Imperial Age
26:29 Scale Mail Armor
27:44 Chain Mail Armor
27:39 Forging
27:41 Pikeman
27:41 Man-at-Arms
28:24 Squires
28:58 Onager
29:24 Halberdier
30:44 Siege Engineers
31:39 Conscription
32:15 Plate Mail Armor
32:20 Iron Casting
32:11 Northmen's Fury
33:14 Hamask
33:47 Fletching
33:49 Guard Tower
34:09 Masonry
33:50 Siege Onager
36:07 Blast Furnace
37:33 Bodkin Arrow
38:16 Keep
38:02 Ballistics
37:30 Arrowslits
38:45 Chemistry
41:24 Bracer
45:18 Padded Archer Armor
45:16 Murder Holes
46:22 Hoardings
livulove
9:56 Feudal Age
11:25 Double-Bit Axe
13:42 Castle Age
23:02 Loom
30:14 Fletching
30:28 Husbandry
32:36 Bodkin Arrow
36:14 Bow Saw
37:08 Horse Collar
43:30 Imperial Age
41:37 Wheelbarrow
40:48 Town Watch
41:57 Bloodlines
41:49 Gold Mining
42:57 Ballistics
43:14 Gold Shaft Mining
43:14 Padded Archer Armor
44:28 Bracer
45:30 Chemistry
44:46 Thumb Ring
46:15 Parthian Tactics
46:36 Hand Cart
48:53 Stone Mining
50:11 Conscription
50:12 Leather Archer Armor
50:56 Elite Mangudai
51:11 Elite Mangudai
51:19 Elite Mangudai
52:51 Capped Ram
54:51 Siege Engineers
54:57 Masonry
55:23 Hoardings
55:28 Siege Ram
DaTuRa
9:00 Feudal Age
13:30 Castle Age
11:54 Double-Bit Axe
13:04 Horse Collar
20:56 Wheelbarrow
20:50 Bow Saw
20:41 Heavy Plow
21:51 Stone Mining
21:52 Gold Mining
22:36 Loom
23:34 Treadmill Crane
24:05 Masonry
24:51 Stone Shaft Mining
28:34 Imperial Age
26:03 Fletching
26:15 Padded Archer Armor
27:04 Bodkin Arrow
27:31 Ballistics
27:08 Murder Holes
27:16 Town Watch
27:56 Leather Archer Armor
28:45 Thumb Ring
29:54 Conscription
30:11 Bracer
30:42 Ring Archer Armor
31:14 Chemistry
32:33 Architecture
37:30 Two-Man Saw
37:00 Crop Rotation
36:57 Pirotechnia
36:12 Elite Genoese Crossbowman
36:37 Elite Skirmisher
46:37 Caravan
BLACK EAGLE
10:44 Feudal Age
12:10 Horse Collar
12:17 Double-Bit Axe
16:01 Castle Age
17:04 Bow Saw
16:56 Heavy Plow
19:26 Wheelbarrow
23:04 Hand Cart
29:21 Imperial Age
26:39 Loom
26:40 Town Watch
27:09 Gold Mining
28:24 Scale Barding Armor
28:29 Forging
28:42 Ballistics
29:51 Gold Shaft Mining
29:43 Chain Barding Armor
30:12 Husbandry
30:29 Bloodlines
31:30 Tusk Swords
31:58 Double Crossbow
33:27 Chemistry
32:36 Heavy Scorpion
34:00 Plate Barding Armor
34:14 Siege Engineers
35:26 Conscription
35:53 Iron Casting
35:10 Elite Battle Elephant
45:46 Caravan
47:56 Sappers
52:58 Blast Furnace
大庆Song
10:29 Feudal Age
11:57 Wheelbarrow
14:54 Castle Age
13:16 Stone Mining
13:44 Double-Bit Axe
13:42 Horse Collar
14:19 Double-Bit Axe
18:23 Heavy Plow
22:12 Town Watch
25:14 Bow Saw
25:47 Gold Mining
26:28 Padded Archer Armor
28:08 Hand Cart
27:40 Loom
32:26 Imperial Age
30:33 Scale Barding Armor
31:08 Forging
31:36 Chain Barding Armor
31:42 Bloodlines
30:54 Light Cavalry
31:35 Husbandry
32:34 Cavalier
33:55 Plate Barding Armor
33:49 Conscription
34:45 Iron Casting
36:32 Paladin
38:25 Hussar
38:36 Paladin
38:58 Paladin
41:00 Paladin
44:30 Caravan
51:53 Blast Furnace
50:17 Pikeman
51:38 Squires
55:58 Arson
Connection lost

Rejoining the realm…

Still unreachable

The connection could not be restored.

Session expired

The server has moved on; the page needs a fresh start.